 Dungeon Crawl Stone Soup version 0.28.0-53-g5a82cb258f (webtiles) character file.

Game seed: 14947524417168259972

6792 RUZZLEFAZAZZLE the Blocker (level 11, -17/87 HPs)
             Began as a Gnoll Fighter on July 12, 2022.
             Was a Believer of Okawaru.
             Demolished by a skeletal warrior
             ... wielding a +0 glaive
              (20 damage)
             ... on level 9 of the Dungeon.
             The game lasted 00:29:06 (15804 turns).

RUZZLEFAZAZZLE the Blocker (Gnoll Fighter)         Turns: 15804, Time: 00:29:07

Health: -17/87     AC: 16    Str: 21    XL:     11   Next: 5%
Magic:  19/19      EV:  9    Int:  5    God:    Okawaru [**....]
Gold:   532        SH:  7    Dex: 17    Spells: 21/21 levels left

rFire   + . .      SeeInvis .   f - +0 short sword (holy)
rCold   . . .      Faith    .   c - +0 buckler
rNeg    . . .      Spirit   .   k - +1 plate armour
rPois   .          Reflect  .   b - +0 helmet
rElec   .          Harm     .   (no cloak)
rCorr   .          Rampage  .   (no gloves)
Will    .....      Rage     1%  (no boots)
Stlth   ..........              (no amulet)
HPRegen 0.24/turn               l - +6 ring of dexterity
MPRegen 0.16/turn               e - ring of protection from fire

@: no status effects
A: fangs 1, strong nose, distributed training, berserk 1, dopey 1
a: Renounce Religion, Heroism


You were on level 9 of the Dungeon.
You worshipped Okawaru.
Okawaru was pleased with you.
You visited 2 branches of the dungeon, and saw 10 of its levels.
You also visited: Sewer and Ossuary.

You collected 532 gold pieces.

Inventory:

Hand Weapons
 a - a +0 trident
 f - a +0 short sword of holy wrath (weapon)
 o - a +3 vorpal scythe
 q - a +0 halberd
 G - a +5 vorpal dire flail
Armour
 b - a +0 helmet (worn)
 c - a +0 buckler (worn)
 k - a +1 plate armour (worn)
Magical Staves
 p - a staff of fire
 D - a staff of cold
Jewellery
 e - a ring of protection from fire (right hand)
 l - a +6 ring of dexterity (left hand)
 t - a ring of protection from fire
Wands
 d - a wand of polymorph (8)
 E - a wand of flame (12)
 I - a wand of acid (3)
Scrolls
 g - 5 scrolls of teleportation
 i - 3 scrolls of vulnerability
 m - a scroll of enchant weapon
 n - 3 scrolls of torment
 r - a scroll of brand weapon {unknown}
 u - 2 scrolls of blinking
 w - 3 scrolls of fear
 y - 3 scrolls of noise {unknown}
 A - a scroll of immolation {unknown}
 C - 2 scrolls of amnesia {unknown}
 F - a scroll of fog
 J - a scroll of magic mapping
Potions
 h - 3 potions of lignification
 j - 2 potions of flight
 s - a potion of attraction
 v - a potion of berserk rage
 x - 4 potions of haste
 z - a potion of cancellation
 B - 3 potions of brilliance
 K - a potion of invisibility
 M - a potion of curing
Miscellaneous
 L - a piece from Xom's chessboard (13/15)


   Skills:
 + Level 8.9 Fighting
 + Level 5.9 Short Blades
 + Level 5.9 Long Blades
 + Level 5.9 Axes
 + Level 5.9 Maces & Flails
 + Level 7.5 Polearms
 + Level 5.9 Staves
 + Level 5.9 Slings
 + Level 5.9 Bows
 + Level 5.9 Crossbows
 + Level 5.9 Throwing
 + Level 8.9 Armour
 + Level 5.9 Dodging
 + Level 5.9 Stealth
 + Level 8.9 Shields
 + Level 5.9 Unarmed Combat
 + Level 5.9 Spellcasting
 + Level 4.8 Conjurations
 + Level 4.8 Hexes
 + Level 4.8 Summonings
 + Level 4.8 Necromancy
 + Level 4.8 Translocations
 + Level 4.8 Transmutations
 + Level 4.8 Fire Magic
 + Level 4.8 Ice Magic
 + Level 4.8 Air Magic
 + Level 4.8 Earth Magic
 + Level 4.8 Poison Magic
 + Level 6.4 Invocations
 + Level 5.9 Evocations


You had 21 spell levels left.
You didn't know any spells.
Your spell library contained the following spells:

 Spells                   Type           Power      Damage    Failure   Level
 Magic Dart               Conj           24%        1d4       63%         1
 Ensorcelled Hibernation  Hex/Ice        12%        N/A       77%         2
 Searing Ray              Conj           12%        2d4       77%         2
 Conjure Flame            Conj/Fire      6%         6-21      94%         3
 Ignite Poison            Fire/Tmut/Pois 6%         N/A       94%         3
 Ozocubu's Armour         Ice            6%         N/A       94%         3
 Spider Form              Tmut/Pois      6%         N/A       94%         3
 Anguish                  Hex/Necr       3%         N/A       100%        4
 Fulminant Prism          Conj/Hex       3%         3d6       100%        4
 Sticky Flame             Conj/Fire      6%         2d3       100%        4
 Metabolic Englaciation   Hex/Ice        3%         N/A       100%        5
 Simulacrum               Ice/Necr       Unusable   N/A       N/A         6

Dungeon Overview and Level Annotations

Branches:
Dungeon (9/15)             Temple (1/1) D:5           Sewer (visited)
Ossuary (visited)
   Lair: D:8-11         Orc: D:9-12

Altars:
Ashenzari
Cheibriados
Elyvilon
Fedhas
Gozag
Hepliaklqana
Kikubaaqudgha
Makhleb
Nemelex Xobeh
Okawaru
Ru
Sif Muna
Trog
Uskayaw
Vehumet
Wu Jian
Xom
Yredelemnul
Zin
The Shining One

Shops:
D:3 [


Innate Abilities, Weirdness & Mutations

You have very sharp teeth.
Your uncanny sense of smell can sniff out nearby items.
Your experience applies equally to all skills.
You tend to lose your temper in combat.
You are dopey. (Int -2)


Message History

You hit the skeletal warrior but do no damage.
Your bite misses the skeletal warrior.
The skeletal warrior hits you with a +0 glaive.
You hit the skeletal warrior but do no damage.
Your bite misses the skeletal warrior.
The skeletal warrior hits you with a +0 glaive.
You hit the skeletal warrior but do no damage.
The skeletal warrior hits you with a +0 glaive!
You hit the skeletal warrior but do no damage.
You block the skeletal warrior's attack.
You hit the skeletal warrior but do no damage.
The skeletal warrior hits you with a +0 glaive!
You hit the skeletal warrior but do no damage.
Your bite misses the skeletal warrior.
You hit the skeletal warrior but do no damage.
Your bite misses the skeletal warrior.
You block the skeletal warrior's attack.
You hit the skeletal warrior but do no damage.
The skeletal warrior hits you but does no damage.
You barely miss the skeletal warrior. Your bite misses the skeletal warrior.
The skeletal warrior hits you with a +0 glaive!
You completely miss the skeletal warrior.
The skeletal warrior barely misses you.
You hit the skeletal warrior but do no damage.
The skeletal warrior completely misses you.
You barely miss the skeletal warrior.
You bite the skeletal warrior, but do no damage.
You closely miss the skeletal warrior.
The skeletal warrior hits you but does no damage.
You hit the skeletal warrior but do no damage.
The skeletal warrior hits you with a +0 glaive!
You closely miss the skeletal warrior. Your bite misses the skeletal warrior.
The skeletal warrior hits you with a +0 glaive!
* * * LOW HITPOINT WARNING * * *
You hit the skeletal warrior but do no damage.
The skeletal warrior hits you with a +0 glaive!!
* * * LOW HITPOINT WARNING * * *
You barely miss the skeletal warrior.
The skeletal warrior hits you with a +0 glaive!!
You die...

.........o ..# #..####..#
≈≈§§≈≈≈.. ∆ ∆ .. #.## ##..
..§...≈.o '# #.# ###
≈≈§≈≈.≈.# ##.# #.#
≈§§.≈.≈.#####<.# #.#
≈._.≈.≈.#.....## #.#
§...≈.≈.#'##### #.#
≈§§.≈.≈.[[†...### ##'######
..§...≈.))...@z.####.......#
≈.≈≈≈≈≈.......#.)).'.......#
..............######.......#
# ....#.........#
#......o### ###..'........#
#.......o.. ####........#
#.......### #........#
#.......# #........#
#.......# ##########
#########


You could see a skeletal warrior.

Vanquished Creatures
  The ghost of brob1 the Cleaver, a novice MiBe of Trog (D:7)
  The ghost of kwasso the Chopper, a novice HOFi of Beogh (D:4)
  A troll (D:7)
  Grinder (D:3)
  A slime creature (D:8)
  A spriggan (shapeshifter) (D:7)
  Sigmund (D:3)
  3 wyverns
  2 steam dragons
  Menkaure (D:4)
  Edmund (D:6)
  A water moccasin (D:5)
  An ice beast (D:5)
  An orc warrior (D:9)
  2 sky beasts
  A black bear (D:8)
  A necrophage (D:8)
  3 centaurs
  3 phantoms
  A kobold brigand (D:9)
  A bullfrog (D:6)
  10 scorpions (Ossuary)
  A water moccasin skeleton (D:4)
  6 killer bees
  A wight (D:7)
  4 howler monkeys
  A bullfrog zombie (D:5)
  4 centaur zombies
  6 hounds
  7 jellies
  2 human zombies (Ossuary)
  2 orc priests
  A gnoll shaman (D:5)
  A bullfrog skeleton (D:4)
  Ijyb (D:5)
  A hell rat (Sewer)
  2 iguanas
  Natasha (thrice) (D:3)
  7 orc wizards
  5 scorpion zombies
  2 killer bee zombies
  4 mummies
  A howler monkey zombie (D:5)
  Robin (D:4)
  7 gnolls
  2 howler monkey skeletons
  7 adders
  3 river rats (Sewer)
  3 ufetubi
  2 adder skeletons (D:4)
  2 worms
  39 orcs
  19 endoplasms
  3 giant cockroaches
  2 gnoll zombies (Ossuary)
  21 goblins
  7 hobgoblins
  7 jackals (D:4)
  9 kobolds
  7 quokkas
  8 ball pythons
  6 bats
  4 frilled lizards
  2 goblin zombies (Ossuary)
  A hobgoblin zombie (Ossuary)
  4 kobold zombies (Ossuary)
  2 orc zombies (Ossuary)
  A quokka skeleton (D:4)
  12 rats
  A bush (D:8)
283 creatures vanquished.

Vanquished Creatures (others)
  An orc (D:4)
  6 fungi (D:8)
  2 plants (D:1)
9 creatures vanquished.

Grand Total: 292 creatures vanquished

Notes
Turn   | Place    | Note
-------+----------+-------------------------------------------
     0 | D:1      | RUZZLEFAZAZZLE the Gnoll Fighter began the quest for the
                  | Orb.
     0 | D:1      | Reached XP level 1. HP: 23/23 MP: 1/1
   228 | D:1      | Reached XP level 2. HP: 29/29 MP: 2/2
   676 | D:1      | Reached XP level 3. HP: 35/35 MP: 3/3
  1226 | D:2      | Reached skill level 1 in Invocations
  1369 | D:2      | Gained mutation: You are robust. (+10% HP) [potion of
                  | mutation]
  1369 | D:2      | Gained mutation: You passively dampen the noise of your
                  | surroundings. [potion of mutation]
  1506 | D:2      | Reached skill level 1 in Short Blades
  1506 | D:2      | Reached skill level 1 in Long Blades
  1506 | D:2      | Reached skill level 1 in Axes
  1506 | D:2      | Reached skill level 1 in Maces & Flails
  1506 | D:2      | Reached skill level 1 in Staves
  1506 | D:2      | Reached skill level 1 in Slings
  1506 | D:2      | Reached skill level 1 in Bows
  1506 | D:2      | Reached skill level 1 in Crossbows
  1506 | D:2      | Reached skill level 1 in Throwing
  1506 | D:2      | Reached skill level 1 in Dodging
  1506 | D:2      | Reached skill level 1 in Stealth
  1506 | D:2      | Reached skill level 1 in Unarmed Combat
  1506 | D:2      | Reached skill level 1 in Spellcasting
  1506 | D:2      | Reached skill level 1 in Evocations
  1536 | D:2      | Found a faded altar of an unknown god.
  1574 | D:2      | Reached XP level 4. HP: 42/45 MP: 5/5
  2054 | D:3      | Reached skill level 1 in Conjurations
  2054 | D:3      | Reached skill level 1 in Hexes
  2054 | D:3      | Reached skill level 1 in Summonings
  2054 | D:3      | Reached skill level 1 in Necromancy
  2054 | D:3      | Reached skill level 1 in Translocations
  2054 | D:3      | Reached skill level 1 in Transmutations
  2054 | D:3      | Reached skill level 1 in Fire Magic
  2054 | D:3      | Reached skill level 1 in Ice Magic
  2054 | D:3      | Reached skill level 1 in Air Magic
  2054 | D:3      | Reached skill level 1 in Earth Magic
  2054 | D:3      | Reached skill level 1 in Poison Magic
  2151 | D:3      | Noticed Grinder
  2155 | D:3      | Paralysed by Grinder for 4 turns
  2168 | D:3      | HP: 1/45 [Grinder (3)]
  2613 | D:3      | Noticed Natasha
  2619 | D:3      | Killed Natasha
  2620 | D:3      | Reached XP level 5. HP: 51/51 MP: 5/7
  2627 | D:3      | Paralysed by Grinder for 2 turns
  2636 | D:3      | Killed Grinder
  2637 | D:3      | Reached skill level 5 in Polearms
  2637 | D:3      | Reached XP level 6. HP: 37/58 MP: 6/9
  2746 | D:3      | Noticed Sigmund
  2754 | D:3      | Killed Sigmund
  2755 | D:3      | Reached XP level 7. HP: 66/66 MP: 10/10
  2786 | D:3      | Found Qitiaril's Armour Boutique.
  3024 | D:3      | Noticed Natasha
  3036 | D:3      | Killed Natasha
  3127 | D:3      | Noticed Natasha
  3130 | D:3      | Killed Natasha
  3314 | D:4      | Noticed Robin
  3326 | D:4      | Killed Robin
  3404 | D:4      | Noticed Menkaure
  3411 | D:4      | Killed Menkaure
  3597 | D:4      | Found an ancient bone altar of Kikubaaqudgha.
  3736 | D:4      | Found a sand-covered staircase.
  3783 | Ossuary  | Entered an ossuary
  4044 | Ossuary  | Reached XP level 8. HP: 46/73 MP: 12/12
  5426 | D:4      | Reached XP level 9. HP: 66/79 MP: 14/14
  6072 | D:5      | Entered Level 5 of the Dungeon
  6366 | D:5      | Noticed kwasso's ghost (novice HOFi)
  6502 | D:5      | Noticed Ijyb
  6517 | D:5      | Killed Ijyb
  7215 | D:5      | Found a runed translucent gate.
  7215 | D:5      | Found a runed translucent gate.
  7215 | D:5      | Found a runed translucent gate.
  7642 | D:5      | Found a staircase to the Ecumenical Temple.
  7658 | Temple   | Entered the Ecumenical Temple
  7665 | Temple   | Became a worshipper of Warmaster Okawaru
  8062 | D:4      | Killed kwasso's ghost
  8063 | D:4      | Reached skill level 5 in Invocations
  8248 | D:6      | Found a glowing golden altar of the Shining One.
  8299 | D:6      | Reached * piety under Okawaru
  8422 | D:6      | Found a glowing drain.
  8446 | Sewer    | Entered a sewer
  8672 | D:6      | Reached XP level 10. HP: 87/88 MP: 17/17
  8747 | D:6      | Noticed Edmund
  8772 | D:6      | Killed Edmund
  9322 | D:6      | Found a hazy altar of Hepliaklqana.
  9404 | D:7      | Reached skill level 5 in Short Blades
  9404 | D:7      | Reached skill level 5 in Long Blades
  9404 | D:7      | Reached skill level 5 in Axes
  9404 | D:7      | Reached skill level 5 in Maces & Flails
  9404 | D:7      | Reached skill level 5 in Staves
  9404 | D:7      | Reached skill level 5 in Slings
  9404 | D:7      | Reached skill level 5 in Bows
  9404 | D:7      | Reached skill level 5 in Crossbows
  9404 | D:7      | Reached skill level 5 in Throwing
  9404 | D:7      | Reached skill level 5 in Dodging
  9404 | D:7      | Reached skill level 5 in Stealth
  9404 | D:7      | Reached skill level 5 in Unarmed Combat
  9404 | D:7      | Reached skill level 5 in Spellcasting
  9404 | D:7      | Reached skill level 5 in Evocations
 10940 | D:7      | Found a runed translucent gate.
 10941 | D:7      | Found a runed translucent gate.
 10943 | D:7      | Found a runed translucent gate.
 10943 | D:7      | Noticed brob1's ghost (novice MiBe)
 10944 | D:7      | Noticed a guardian serpent
 10994 | D:7      | Noticed a manticore
 11096 | D:7      | Found a shimmering altar of Xom.
 11172 | D:7      | Found a broken altar of Ashenzari.
 11358 | D:7      | Found a radiant altar of Vehumet.
 11675 | D:7      | Reached ** piety under Okawaru
 12456 | D:7      | Killed brob1's ghost
 12821 | D:8      | Found a blossoming altar of Fedhas.
 14060 | D:9      | Found a sacrificial altar of Ru.
 15029 | D:9      | Reached XP level 11. HP: 65/95 MP: 19/19
 15147 | D:9      | Lost mutation: You are robust. (+10% HP) [potion of
                  | mutation]
 15147 | D:9      | Lost mutation: You passively dampen the noise of your
                  | surroundings. [potion of mutation]
 15147 | D:9      | Gained mutation: You are dopey. (Int -2) [potion of
                  | mutation]
 15147 | D:9      | Gained mutation: You tend to lose your temper in combat.
                  | [potion of mutation]
 15277 | D:9      | Noticed a skeletal warrior
 15277 | D:9      | Noticed a centaur warrior
 15278 | D:9      | Noticed a four-headed hydra
 15803 | D:9      | HP: 2/87 [skeletal warrior/+0 glaive (18)]
 15804 | D:9      | Demolished by a skeletal warrior

Illustrated notes

Levels and vault maps discovered:
D:1:      dpeg_arrival_fog, layout_basic, minmay_shallow_snake_nest
D:2:      layout_basic, hellmonk_ecumenical_altar_lost_god, roderic_filled_cross
D:3:      layout_basic, serial_shops, shop, uniq_grinder, uniq_natasha,
          uniq_sigmund
D:4:      layout_loops_ring, nicolae_kikubaaqudgha_miasma_corner,
          gup_ossuary_entry_pyramid, uniq_robin, uniq_menkaure
D:5:      minmay_razor_zed, layout_loops_corners, minmay_temple_entry_fiery,
          gammafunk_ghost_split, corexii_hall_statues_x, uniq_ijyb
D:6:      layout_rooms, nicolae_hepliaklqana_hippocampus, lemuel_doored_altar,
          gup_sewer_entry_glass, uniq_edmund
D:7:      layout_basic, nicolae_vehumet_altar_sigil,
          mainiacjoe_overflow_catwalk_spiral, gammafunk_ghost_split
D:8:      lemuel_slime, layout_cave_pools, fedhas_bush_and_centaur_altar
D:9:      layout_roguey [special_room_orc], mainiacjoe_overflow_chevrons,
          grunt_dithmenos_smoke, mainiacjoe_overflow_concentric_impassable,
          grunt_ministairs_4, minivault_28
Temple:   nicolae_temple_x_marks_the_god

Skill      XL: |  1  2  3  4  5  6  7  8  9 10 |
---------------+-------------------------------+-----
Invocations    | 1 2 3 4 5 6 |  6.4
Short Blades   | 1 2 3 4 5 |  5.9
Long Blades    | 1 2 3 4 5 |  5.9
Axes           | 1 2 3 4 5 |  5.9
Maces & Flails | 1 2 3 4 5 |  5.9
Staves         | 1 2 3 4 5 |  5.9
Slings         | 1 2 3 4 5 |  5.9
Bows           | 1 2 3 4 5 |  5.9
Crossbows      | 1 2 3 4 5 |  5.9
Throwing       | 1 2 3 4 5 |  5.9
Dodging        | 1 2 3 4 5 |  5.9
Stealth        | 1 2 3 4 5 |  5.9
Unarmed Combat | 1 2 3 4 5 |  5.9
Spellcasting   | 1 2 3 4 5 |  5.9
Evocations     | 1 2 3 4 5 |  5.9
Conjurations   | 1 2 3 4 |  4.8
Hexes          | 1 2 3 4 |  4.8
Summonings     | 1 2 3 4 |  4.8
Necromancy     | 1 2 3 4 |  4.8
Translocations | 1 2 3 4 |  4.8
Transmutations | 1 2 3 4 |  4.8
Fire Magic     | 1 2 3 4 |  4.8
Ice Magic      | 1 2 3 4 |  4.8
Air Magic      | 1 2 3 4 |  4.8
Earth Magic    | 1 2 3 4 |  4.8
Poison Magic   | 1 2 3 4 |  4.8
Polearms       | 5 6 7 |  7.5
Fighting       | 7 8 |  8.9
Armour         | 7 8 |  8.9
Shields        | 7 8 |  8.9

Action                   |  1- 3 |  4- 6 |  7- 9 | 10-12 || total
-------------------------+-------+-------+-------+-------++-------
Melee: Trident           |   130 |    57 |   777 |   623 ||  1587
       Bite              |    11 |     6 |   105 |    73 ||   195
       Short sword       |       |       |       |    23 ||    23
Evoke: Wand              |       |       |       |     8 ||     8
       Piece from Xom's  |       |       |       |     2 ||     2
  Use: Scroll            |     4 |     2 |     7 |     7 ||    20
       Potion            |     3 |     2 |       |     6 ||    11
Armor: Scale mail        |     9 |       |       |       ||     9
       Plate armour      |    41 |    19 |   393 |   300 ||   753
       Skin              |       |       |       |    42 ||    42
Dodge: Dodged            |    26 |    11 |   232 |   191 ||   460
Block: Buckler           |    38 |    10 |   218 |   210 ||   476
